 Dungeon Crawl Stone Soup version 0.31-a0-818-ge7c7cf74f0 (console) character file.

Game seed: 8424451217224881504

1823908 elliptic the Conqueror (level 27, 273/273 HPs)
             Began as a Ghoul Cinder Acolyte on Sept 22, 2023.
             Was a High Priest of Okawaru.
             Escaped with the Orb
             ... and 3 runes on Sept 23, 2023!
             The game lasted 02:40:01 (57368 turns).

elliptic the Conqueror (Ghoul Cinder Acolyte)      Turns: 57368, Time: 02:40:01

Health: 273/273    AC: 46    Str: 45    XL:     27
Magic:  42/42      EV: 14    Int: 11    God:    Okawaru [*****.]
Gold:   2582       SH:  0    Dex:  6    Spells: 28/28 levels left

rFire   + +          .
                       - Unarmed
rCold   + + .        (no shield)
rNeg    + + +        X - +9 gold dragon scales {nodragon}
rPois   inf          K - +3 crown of Dyrovepreva {rElec Int+2 SInv}
rElec   +            s - +2 cloak {rCorr}
rCorr   +            U - +2 pair of gloves {Str+3}
SInv    +            A - +2 pair of slick slippers {slick, slippery, EV+4}
Will    ++...        T - amulet of Mistrust {+Blink rF+ Regen+ MP+9} Stlth
                     v - +6 ring of strength
HPRegen 1.45/turn    n - +6 ring of strength
MPRegen 0.28/turn

%: no passive effects
@: hasted, very quick
A: claws 1, cold resistance 1, negative energy resistance 3, inhibited
regeneration, torment resistance 2, devour on kill
0: Orb of Zot
}: 3/15 runes: serpentine, barnacled, silver
a: Renounce Religion, Evoke Blink, Heroism, Finesse, Duel


You escaped.
You worshipped Okawaru.
Okawaru was extremely pleased with you.
You visited 11 branches of the dungeon, and saw 51 of its levels.
You visited 1 bazaar.
You also visited: Bailey and Gauntlet.

You collected 8951 gold pieces.
You spent 6369 gold pieces at shops.


Innate Abilities, Weirdness & Mutations

You are immune to poison.
You have sharp fingernails.
Your flesh is cold resistant. (rC+)
You are immune to negative energy. (rN+++)
You do not regenerate when monsters are visible.
You are immune to unholy pain and torment.
You thrive by killing the living.


   Skills:
 O Level 27 Fighting
 - Level 16.0 Throwing
 + Level 23.1 Armour
 - Level 8.0 Dodging
 O Level 27 Unarmed Combat
 - Level 1.0 Spellcasting
 - Level 2.4 Fire Magic
 - Level 15.3 Invocations


You had 28 spell levels left.
You didn't know any spells.
Your spell library contained the following spells:

 Spells                   Type           Power      Damage    Failure   Level
 Scorch                   Fire           10%        2d5       58%         2
 Foxfire                  Conj/Fire      12%        2x1d4     61%         1
 Magic Dart               Conj           0%         1d3       77%         1
 Shock                    Conj/Air       0%         1d3       77%         1
 Blink                    Tloc           0%         N/A       88%         2
 Ensorcelled Hibernation  Hex/Ice        0%         N/A       88%         2
 Lesser Beckoning         Tloc           0%         N/A       88%         2
 Momentum Strike          Conj/Tloc      0%         3d8       88%         2
 Passwall                 Tmut/Erth      0%         N/A       88%         2
 Searing Ray              Conj           0%         2d4       88%         2
 Volatile Blastmotes      Fire/Tloc      6%         2d10      93%         3
 Dazzling Flash           Conj/Hex       0%         N/A       98%         3
 Frozen Ramparts          Ice            0%         1d1       98%         3
 Ozocubu's Armour         Ice            0%         N/A       98%         3
 Sigil of Binding         Hex            0%         N/A       98%         3
 Stone Arrow              Conj/Erth      0%         3d7       98%         3
 Swiftness                Air            0%         N/A       98%         3
 Airstrike                Air            0%         2d(0-16)  100%        4
 Anguish                  Hex/Necr       0%         N/A       100%        4
 Brom's Barrelling Bould  Conj/Erth      0%         2d3       100%        4
 Cause Fear               Hex            0%         N/A       100%        4
 Dimensional Bullseye     Hex/Tloc       0%         N/A       100%        4
 Fulminant Prism          Conj/Hex       0%         3d5       100%        4
 Iskenderun's Mystic Bla  Conj/Tloc      0%         2d3       100%        4
 Leda's Liquefaction      Hex/Erth       0%         N/A       100%        4
 Manifold Assault         Tloc           0%         N/A       100%        4
 Petrify                  Tmut/Erth      0%         N/A       100%        4
 Vhi's Electric Charge    Tloc/Air       0%         N/A       100%        4
 Agony                    Necr           0%         N/A       100%        5
 Arcjolt                  Conj/Air       0%         1d10      100%        5
 Fireball                 Conj/Fire      1%         3d3       100%        5
 Freezing Cloud           Conj/Ice/Air   0%         6-21      100%        5
 Iskenderun's Battlesphe  Conj           0%         2d6       100%        5
 Metabolic Englaciation   Hex/Ice        0%         N/A       100%        5
 Silence                  Hex/Air        0%         N/A       100%        5
 Bombard                  Conj/Erth      0%         9d1       100%        6
 Conjure Ball Lightning   Conj/Air       0%         3x3d6     100%        6
 Plasma Beam              Fire/Air       1%         2x1d11    100%        6
 Starburst                Conj/Fire      1%         6d3       100%        6
 Enfeeble                 Hex            0%         N/A       100%        7
 Orb of Destruction       Conj           0%         9d5       100%        7
 Ozocubu's Refrigeration  Ice            0%         4d7       100%        7
 Lehudib's Crystal Spear  Conj/Erth      0%         10d2      100%        8
 Maxwell's Capacitive Co  Air            0%         death     100%        8
 Chain Lightning          Conj/Air       0%         N/A       100%        9
 Polar Vortex             Ice            0%         N/A       100%        9
 Sublimation of Blood     Necr           Unusable   N/A       N/A         2
 Call Canine Familiar     Summ           Unusable   N/A       N/A         3
 Summon Guardian Golem    Hex/Summ       Unusable   N/A       N/A         3
 Tukima's Dance           Hex            Unusable   N/A       N/A         3
 Animate Armour           Summ/Erth      Unusable   N/A       N/A         4
 Death Channel            Necr           Unusable   N/A       N/A         6
 Simulacrum               Ice/Necr       Unusable   N/A       N/A         6
 Spellforged Servitor     Conj/Summ      Unusable   N/A       N/A         7

Inventory:

Missiles
 c - 106 boomerangs
 k - 28 curare-tipped darts
 p - 16 javelins (quivered)
 G - 10 throwing nets
 L - 36 silver javelins
Armour
 s - a +2 cloak of preservation (worn)
 A - the +2 pair of slick slippers (worn) {slick, slippery, EV+4}
   (You bought it in a shop on level 1 of the Orcish Mines)

   Slick:     Its wearer cannot be constricted, engulfed, netted or webbed.
   Slippery:  Its wearer slips away from damaging melee attacks, pulling the
   attacker onward.
   EV+4:      It affects your evasion (+4).
 K - the +3 crown of Dyrovepreva (worn) {rElec Int+2 SInv}
   (You found it on level 12 of the Dungeon)

   Int+2:     It affects your intelligence (+2).
   rElec:     It insulates you from electricity.
   SInv:      It lets you see invisible.
 N - the +1 pair of boots "Ruppeo" {Rampage Dex-5 Slay+2 Stlth+}
   (You found it in a Gauntlet)

   Dex-5:     It affects your dexterity (-5).
   Slay+2:    It affects your accuracy & damage with ranged weapons and melee
   (+2).
   Rampage:   It bestows one free step when moving towards enemies.
   Stlth+:    It makes you more stealthy.
 Q - a +1 tower shield of reflection
 U - a +2 pair of gloves of strength (worn)
 V - a +2 helmet of see invisible
 X - +9 gold dragon scales (worn) {nodragon}
Jewellery
 n - a +6 ring of strength (right hand)
 o - a +6 ring of dexterity
 t - a ring of see invisible
 v - a +6 ring of strength (left hand)
 x - an amulet of reflection
 D - a ring of protection from cold
 T - the amulet of Mistrust (around neck) {+Blink rF+ Regen+ MP+9}
   (You found it on level 3 of the Crypt)

   [amulet of regeneration]

   rF+:       It protects you from fire.
   MP+9:      It affects your magic capacity (+9).
   +Blink:    It lets you blink.
   Regen+:    It increases your rate of health regeneration.
 Z - the ring "Diuthiyx" {rN+ Will+ rCorr Str+2}
   (You took it off a hell knight on level 3 of the Crypt)

   [ring of positive energy]

   Str+2:     It affects your strength (+2).
   rN+:       It protects you from negative energy.
   Will+:     It increases your willpower.
   rCorr:     It protects you from acid and corrosion.
Wands
 b - a wand of roots (49)
 B - a wand of quicksilver (51)
 H - a wand of polymorph (7)
 M - a wand of digging (10)
Scrolls
 a - 5 scrolls of torment {!r}
 g - 11 scrolls of teleportation
 h - 8 scrolls of fog
 r - 2 scrolls of blinking
 w - 7 scrolls of immolation
 y - 8 scrolls of poison
 F - 8 scrolls of vulnerability
 I - 10 scrolls of fear
Potions
 d - 6 potions of brilliance
 e - 3 potions of invisibility
 f - 5 potions of haste
 i - 3 potions of magic
 l - 6 potions of cancellation
 m - 29 potions of curing
 q - 6 potions of might
 u - 4 potions of ambrosia
 z - 6 potions of attraction
 J - 4 potions of enlightenment
 P - 6 potions of heal wounds
 S - a potion of resistance
Miscellaneous
 W - a lightning rod (4/4)


Message History

You closely miss the green death.
The green death is moderately wounded.
You squash the green death like an ant!!!
You punch the green death.
You kill the green death!
Okawaru accepts your kill.
No target in view!
There is a stone staircase leading up here.
You climb upwards.
There is a stone staircase leading down here.
There is an escape hatch in the floor here.
HP restored.
There is a stone staircase leading up here.
You climb upwards.
There is a stone staircase leading down here.
A sun demon comes into view.
There is an escape hatch in the ceiling here.
You pulverise the sun demon!!!
You kill the sun demon!
Okawaru accepts your kill.
No target in view!
A mysterious force pulls you upwards. The hatch slams shut behind you.
Aiming: Dig
Press: ? - help, Shift-Dir - straight line, f - you Please select a direction to dig.
This square is covered in magical glow.
The rock shatters into small pieces.
There is a stone staircase leading up here.
You climb upwards.
There is a stone staircase leading down here.
There is a stone staircase leading down here.
There is a stone staircase leading up here.
You feel yourself speed up.
You climb upwards.
There is a stone staircase leading down here.
There is an open door here.
There is an open door here.
There is an open door here.
There is a staircase leading out of the dungeon here.
You have escaped!

#..#.......##....##.........##
#..........##....##.#####....#
#..........##.#'#....#.....#####
##.#.##.>.###.#.#......###......
#.#..#.#.# #.#+#.##.#.###......
#.##...#.###.#.####............
#.###..#....##'## #...##.......
#.# #...#####...#####.#........
#.####..'.'.'.@.'.+.'..........
#.#....######...#####...#......
#.#.#####...##'##.......#######
#.#.# #.#.##.#......#.## #.#.#
##....#+##.##.....## #.#.#
##..#.##.##.##..#...##
#.#.###..##.##'#..#..###...#
#...##..###.##.........#.#.#
####..#..#)..............#...####


There were no monsters in sight!

Vanquished Creatures
  5 dread liches
  An orb of fire (Zot:5)
  2 ancient liches
  Mennas (Vaults:5)
  2 juggernauts
  Mara (Depths:1)
  Josephina (Depths:4)
  Bai Suzhen (Snake:2)
  Boris (4 times) (Depths:2 Depths:3 Vaults:5 Zot:5)
  Vv (Depths:2)
  Frederick (Depths:4)
  Vashnia (Snake:4)
  3 Killer Klowns
  Saint Roka (Snake:3)
  5 caustic shrikes (Depths:3)
  2 curse toes
  The ghost of Yptir the Protected, an adept AtFE of Vehumet (Vaults:1)
  3 golden dragons
  2 bone dragons
  2 electric golems (Zot:5)
  12 tentacled monstrosities
  26 Orb Guardians
  6 liches
  6 titans
  6 death cobs
  3 quicksilver dragons
  2 sphinxes
  An ancient champion (Crypt:1)
  Polyphemus (Shoals:3)
  The ghost of Mungiw the Peltast, an adept MiBe of Trog (Shoals:2)
  A kraken (Shoals:3)
  An Executioner (Zot:5)
  The ghost of HilariousDeathArtist the Warrior, an adept AtHu of Trog (Shoals:1)
  9 storm dragons
  9 shadow dragons
  6 tengu reavers
  Agnes (Snake:4)
  Aizul (Snake:4)
  An azure jelly (Vaults:1)
  Donald (Vaults:1)
  2 draconian monks
  5 nagarajas (Snake:4)
  6 draconian knights
  5 frost giants
  Roxanne (D:14)
  9 fire giants
  8 draconian scorchers
  3 iron dragons
  2 deep elf sorcerers
  A revenant (Crypt:2)
  A juggernaut zombie (Depths:2)
  A ghost moth (Zot:2)
  17 vault wardens
  A caustic shrike zombie (Depths:2)
  6 draconian shifters
  A curse skull (Crypt:1)
  A caustic shrike skeleton (Crypt:3)
  3 draconian stormcallers
  9 ghouls
  2 orc warlords
  25 very ugly things
  8 stone giants
  The ghost of knightboat the Bewitcher, a journeyman DEHs of Dithmenos (Elf:1)
  6 draconian annihilators
  19 ironbound preservers
  4 juggernaut skeletons
  5 war gargoyles
  10 black draconians
  9 green draconians
  2 formless jellyfish
  10 ironbound thunderhulks
  13 vampire knights
  6 deep elf demonologists
  5 spark wasps
  Azrael (D:14)
  11 red draconians
  7 yellow draconians
  2 purple draconians
  4 deep elf annihilators
  A minotaur (Gauntlet)
  9 dire elephants
  5 white draconians
  5 deep elf death magi
  3 eidola (Crypt:2)
  A green death (D:6)
  5 ettins
  3 crystal guardians (Crypt:3)
  2 blizzard demons
  2 deep elf high priests
  13 yaktaur captains
  8 jiangshi
  5 great orbs of eyes
  13 merfolk impalers
  2 merfolk javelineers (Shoals:4)
  32 vault guards
  3 fire dragons
  An entropy weaver (Vaults:1)
  Harold (Lair:1)
  A spriggan zombie (Depths:2)
  5 hydras
  3 death knights
  12 ice dragons
  2 rakshasas
  2 salamander tyrants
  2 sphinx zombies
  4 spriggan air magi
  A juggernaut simulacrum (Depths:4)
  5 ironbound frosthearts
  A quicksilver dragon skeleton (Crypt:1)
  14 anacondas
  4 merfolk aquamancers
  Erica (Lair:2)
  An ogre mage (Vaults:5)
  3 alligator snapping turtles
  An anaconda (shapeshifter) (Elf:1)
  A sphinx skeleton (Depths:2)
  13 centaur warriors
  30 dancing weapons
  3 catoblepae
  3 satyrs
  2 death scarabs (Gauntlet)
  21 death yaks
  6 two-headed ogres
  Urug (D:11)
  4 tengu warriors
  A titan zombie (Depths:2)
  4 boulder beetles
  4 deep troll earth magi
  19 naga warriors
  7 deep troll shamans
  7 spriggan berserkers
  3 orc high priests
  A soul eater (Depths:2)
  5 vampire magi
  12 naga sharpshooters
  7 hell knights
  2 sun demons
  10 shock serpents
  23 deep elf knights
  A titan skeleton (Depths:2)
  Lodul (D:10)
  A storm dragon zombie (Depths:2)
  3 shadow wraiths
  48 deep trolls
  6 skysharks
  2 fire crabs (shapeshifter)
  A storm dragon skeleton (Depths:2)
  2 salamander mystics
  3 spark wasp zombies (Depths:2)
  A sea snake (shapeshifter) (Vaults:5)
  3 golden dragon zombies (Depths:2)
  An iron giant zombie (Crypt:1)
  5 iron trolls
  5 flayed ghosts
  2 bunyip skeletons
  19 skeletal warriors
  3 glowing orange brains
  An obsidian statue (Zot:5)
  13 sea snakes
  A spriggan simulacrum (Depths:4)
  A death drake (shapeshifter) (D:14)
  7 wizards
  18 deep elf archers
  A shadow dragon zombie (Depths:2)
  14 ironbound convokers
  4 orc knights
  9 naga ritualists
  2 golden dragon skeletons
  10 harpies
  22 phantasmal warriors
  An anaconda skeleton (Crypt:3)
  34 deep elf zephyrmancers
  15 lindwurms
  20 mana vipers
  A frost giant zombie (Crypt:1)
  37 ugly things
  9 necromancers
  4 orc sorcerers
  5 cyclopes
  21 deep elf pyromancers
  21 manticores
  A jorogumo skeleton (Crypt:2)
  A salamander (shapeshifter) (Depths:1)
  15 moths of wrath
  A cyclops (shapeshifter) (Vaults:5)
  14 fauns
  8 guardian serpents
  3 torpor snails
  13 salamanders
  13 naga magi
  A rust devil (Zot:3)
  3 centaur zombies
  3 eyes of devastation (Vaults:1)
  A smoke demon (Depths:2)
  22 elephants
  9 merfolk sirens
  48 black mambas
  6 water nymphs
  A frost giant skeleton (Crypt:2)
  18 vault sentinels
  3 gargoyles
  An alligator snapping turtle skeleton (Crypt:3)
  A dire elephant skeleton (Crypt:3)
  14 cane toads
  Maggie (D:7)
  Psyche (D:10)
  2 unseen horrors
  A tormentor (D:10)
  A purple draconian zombie (Crypt:1)
  37 yaktaurs
  An efreet (D:14)
  A golden dragon simulacrum (Depths:4)
  13 komodo dragons
  5 tengu conjurers
  4 guardian mummies (Zot:2)
  6 freezing wraiths
  A troll (shapeshifter) (Vaults:5)
  8 trolls
  A hellwing (Depths:2)
  24 merfolk
  A harpy zombie (Crypt:3)
  5 polar bears
  A wolf spider simulacrum (D:15)
  A harpy skeleton (Crypt:3)
  A moth of wrath zombie (Crypt:2)
  3 wind drakes
  A tarantella (Vaults:1)
  12 dream sheep
  18 blink frogs
  A meliai zombie (Crypt:1)
  2 fire dragon zombies (Crypt:3)
  An ice dragon zombie (Crypt:1)
  32 flying skulls
  12 snapping turtles
  A spectral dream sheep (Gauntlet)
  51 slime creatures
  2 jumping spiders (Vaults:1)
  Sigmund (D:2)
  2 centaur simulacra (D:15)
  A spriggan (Lair:4)
  An ettin skeleton (Depths:2)
  4 shadows
  11 water elementals
  A guardian serpent skeleton (Crypt:2)
  29 yaks
  A basilisk (D:13)
  5 wyverns
  8 golden eyes
  4 wraiths
  A basilisk (shapeshifter) (D:15)
  33 fire elementals
  Grum (D:10)
  4 vampires
  5 vampire mosquitoes (D:11)
  A glowing shapeshifter zombie (Depths:2)
  2 steam dragons
  6 redbacks
  54 nagas
  A naga zombie (Crypt:3)
  8 wargs
  3 acid dragons
  A hell hound (D:14)
  14 water moccasins
  A water nymph skeleton (Crypt:1)
  A faun skeleton (Crypt:2)
  A spectral torpor snail (Gauntlet)
  2 ice beasts
  2 sky beasts
  40 orc warriors
  4 black bears
  12 ogres
  4 boggarts (Vaults:2)
  3 centaurs
  22 wolves
  A lindwurm skeleton (Crypt:2)
  9 kobold brigands
  4 earth elementals
  3 gnoll sergeants
  13 bullfrogs
  7 necrophages
  2 scorpions (D:5)
  A glowing shapeshifter simulacrum (Depths:2)
  11 wights
  2 howler monkeys
  10 killer bees
  A spriggan skeleton (Crypt:1)
  A warg skeleton (Crypt:2)
  An electric eel (D:9)
  A lava snake (D:9)
  4 hounds
  Crazy Yiuf (D:3)
  4 jellies
  26 orc priests
  2 sleepcaps (D:5)
  8 iguanas
  31 orc wizards
  8 hell rats
  3 hound zombies (D:4)
  Robin (D:3)
  12 adders
  22 gnolls
  A swamp drake zombie (Crypt:2)
  A shadow imp (D:5)
  A white imp (D:6)
  An ufetubus (D:7)
  An adder zombie (D:4)
  4 worms
  A worm (shapeshifter) (Elf:2)
  3 dart slugs
  118 orcs
  8 ball pythons
  4 endoplasms
  A giant cockroach (D:1)
  15 hobgoblins
  5 quokkas
  6 bats
  4 frilled lizards (D:1)
  13 goblins
  26 kobolds
  A quokka skeleton (Crypt:1)
  4 rats
  3 tentacles (Shoals:3)
2266 creatures vanquished.

Vanquished Creatures (others)
  A deep elf knight (Elf:1)
  2 deep elf zephyrmancers
  A titan simulacrum (Depths:4)
  A golden dragon simulacrum (Depths:4)
  A water elemental (Shoals:4)
  An orc priest (D:8)
  A boggart skeleton (D:15)
  4 orcs
  10 tentacles (Shoals:3)
22 creatures vanquished.

Grand Total: 2288 creatures vanquished

Notes
Turn   | Place    | Note
-------+----------+-------------------------------------------
     0 | D:1      | elliptic the Ghoul Cinder Acolyte began the quest for the
                  | Orb.
     0 | D:1      | Reached XP level 1. HP: 19/19 MP: 1/1
   155 | D:1      | Reached XP level 2. HP: 26/26 MP: 2/2
   447 | D:1      | Reached XP level 3. HP: 31/31 MP: 3/3
   880 | D:2      | Noticed Sigmund
   892 | D:2      | Reached XP level 4. HP: 24/38 MP: 4/4
   899 | D:2      | Killed Sigmund
   900 | D:2      | Reached XP level 5. HP: 31/45 MP: 5/5
  1048 | D:2      | Reached XP level 6. HP: 29/51 MP: 6/6
  1444 | D:2      | Learned a level 2 spell: Scorch
  1580 | D:3      | Noticed Robin
  1607 | D:3      | Killed Robin
  1757 | D:3      | Found a hide-covered altar of Uskayaw.
  1758 | D:3      | Found a hazy altar of Hepliaklqana.
  1759 | D:3      | Found a snail-covered altar of Cheibriados.
  1760 | D:3      | Found an ancient bone altar of Kikubaaqudgha.
  2003 | D:3      | Found Daarich's Vocational Training.
  2162 | D:3      | Found a runed translucent door.
  2163 | D:3      | Noticed Crazy Yiuf
  2169 | D:3      | Killed Crazy Yiuf
  2306 | D:4      | Reached XP level 7. HP: 54/59 MP: 7/7
  2930 | D:4      | Found a basalt altar of Yredelemnul.
  2989 | D:4      | Found a shimmering altar of Xom.
  3024 | D:4      | Found a broken altar of Ashenzari.
  3118 | D:5      | Entered Level 5 of the Dungeon
  3202 | D:5      | Reached skill level 9 in Unarmed Combat
  3232 | D:5      | Reached skill level 1 in Armour
  3238 | D:5      | Reached XP level 8. HP: 64/68 MP: 8/8
  3550 | D:5      | Reached skill level 6 in Fighting
  3800 | D:6      | Found a staircase to the Ecumenical Temple.
  3959 | D:6      | Reached XP level 9. HP: 71/75 MP: 9/9
  4569 | D:7      | Reached skill level 12 in Unarmed Combat
  4578 | D:7      | Noticed Maggie
  4586 | D:7      | Killed Maggie
  4630 | D:7      | Found a stormy altar of Qazlal.
  4862 | D:7      | Found a radiant altar of Vehumet.
  4898 | D:7      | Killed an unseen horror
  4899 | D:7      | Reached XP level 10. HP: 60/86 MP: 10/10
  4980 | D:7      | Found a blossoming altar of Fedhas.
  5128 | D:7      | Noticed a gargoyle
  5141 | D:7      | Killed a gargoyle
  5265 | D:8      | Found an ornate altar of the Wu Jian Council.
  5374 | D:8      | Reached skill level 3 in Armour
  5564 | D:8      | Found a shadowy altar of Dithmenos.
  5677 | D:8      | Noticed a two-headed ogre
  5694 | D:8      | Killed a two-headed ogre
  5758 | D:8      | Noticed a two-headed ogre
  5771 | D:8      | Killed a two-headed ogre
  6027 | D:8      | Reached skill level 15 in Unarmed Combat
  6190 | D:9      | Reached skill level 9 in Fighting
  6196 | D:9      | Noticed a skeletal warrior
  6197 | D:9      | Noticed a skeletal warrior
  6217 | D:9      | Killed a skeletal warrior
  6218 | D:9      | Reached XP level 11. HP: 94/97 MP: 11/11
  6223 | D:9      | Noticed a skeletal warrior
  6234 | D:9      | Killed a skeletal warrior
  6237 | D:9      | Noticed a skeletal warrior
  6237 | D:9      | Noticed a skeletal warrior
  6258 | D:9      | Killed a skeletal warrior
  6268 | D:9      | Killed a skeletal warrior
  6307 | D:9      | Killed a skeletal warrior
  6492 | D:9      | Noticed a deep elf zephyrmancer
  6499 | D:9      | Killed a deep elf zephyrmancer
  6905 | D:9      | Noticed a two-headed ogre
  6913 | D:9      | Killed a two-headed ogre
  7117 | D:10     | Entered Level 10 of the Dungeon
  7148 | D:10     | Found a flagged portal.
  7154 | Bailey   | Entered a bailey
  7358 | Bailey   | Found a burning altar of Makhleb.
  7436 | D:10     | Noticed Grum
  7457 | D:10     | Killed Grum
  7612 | D:10     | Found a staircase to the Lair.
  7731 | D:10     | Reached XP level 12. HP: 106/106 MP: 12/12
  7816 | D:10     | Noticed Psyche
  7824 | D:10     | Killed Psyche
  7830 | D:10     | Noticed Lodul
  7843 | D:10     | meh
  7843 | D:10     | oh
  7843 | D:10     | HP: 20/106 [something (11)]
  8151 | D:10     | Found an opulent altar of Gozag.
  8307 | D:10     | Reached skill level 18 in Unarmed Combat
  8318 | D:10     | Killed Lodul
  8654 | D:11     | Noticed Urug
  8879 | D:11     | Found a staircase to the Orcish Mines.
  9483 | D:11     | Killed Urug
  9608 | D:12     | Noticed a two-headed ogre
  9616 | D:12     | Killed a two-headed ogre
  9659 | D:12     | Identified the +1 war axe of a bailey {flame, Int+2}
  9704 | D:12     | Noticed a centaur warrior
  9704 | D:12     | Noticed a deep elf knight
  9705 | D:12     | Found the +3 crown of Dyrovepreva {rElec Int+2 SInv}
  9908 | D:12     | Noticed a centaur warrior
  9909 | D:12     | Noticed a centaur warrior
  9909 | D:12     | Noticed a boulder beetle
 10316 | Lair:1   | Entered Level 1 of the Lair of Beasts
 10336 | Lair:1   | Noticed Harold
 10354 | Lair:1   | Killed Harold
 10389 | Lair:1   | Reached XP level 13. HP: 116/116 MP: 13/13
 10850 | Lair:1   | Reached skill level 12 in Fighting
 11161 | Temple   | Entered the Ecumenical Temple
 11194 | Temple   | Fell from the grace of Ignis
 11194 | Temple   | Became a worshipper of Warmaster Okawaru
 11449 | Lair:2   | Found a basalt altar of Yredelemnul.
 11559 | Lair:2   | Noticed Erica
 11583 | Lair:2   | Killed Erica
 11605 | Lair:2   | Reached * piety under Okawaru
 11606 | Lair:2   | Reached skill level 3 in Invocations
 11621 | Lair:2   | Found a staircase to the Shoals.
 11751 | Lair:2   | Reached ** piety under Okawaru
 12509 | Lair:3   | Reached skill level 6 in Invocations
 12638 | Lair:3   | Reached *** piety under Okawaru
 12658 | Lair:3   | Found a staircase to the Snake Pit.
 12932 | Lair:3   | Reached **** piety under Okawaru
 13328 | Lair:4   | Reached XP level 14. HP: 126/126 MP: 19/19
 13374 | Lair:4   | Found an ornate altar of the Wu Jian Council.
 13489 | Lair:4   | Reached skill level 21 in Unarmed Combat
 13492 | Lair:4   | Reached ***** piety under Okawaru
 14151 | Lair:5   | Entered Level 5 of the Lair of Beasts
 14151 | Lair:5   | Found a staircase to the Slime Pits.
 14151 | Lair:5   | Found a viscous altar of Jiyva.
 14203 | Lair:5   | Received a gift from Okawaru
 14345 | Lair:5   | Reached skill level 6 in Armour
 14355 | Lair:5   | Found a gate leading to a gauntlet.
 14371 | Gauntlet | Entered a Gauntlet
 14371 | Gauntlet | Found a transporter.
 14378 | Gauntlet | Found a transporter.
 14382 | Gauntlet | Found a transporter.
 14386 | Gauntlet | Found a runed translucent door.
 14387 | Gauntlet | Found a transporter.
 14388 | Gauntlet | Found a runed translucent door.
 14390 | Gauntlet | Found a transporter.
 14394 | Gauntlet | Found a transporter.
 14400 | Gauntlet | Found a transporter.
 14406 | Gauntlet | Found a transporter.
 14407 | Gauntlet | Found a transporter.
 14411 | Gauntlet | Found a transporter.
 14418 | Gauntlet | Found a transporter.
 14419 | Gauntlet | Found a transporter.
 14423 | Gauntlet | Found a transporter.
 14426 | Gauntlet | Found a transporter.
 14697 | Gauntlet | Reached ****** piety under Okawaru
 14747 | Gauntlet | Received a gift from Okawaru
 14755 | Gauntlet | Identified the +1 pair of boots "Ruppeo" {Rampage Dex-5
                  | Slay+2 Stlth+}
 15005 | Gauntlet | Identified the +6 morningstar of World's End {flame, rC+
                  | rN+ Str+2 Int+3}
 15005 | Gauntlet | Identified the amulet "Tadiacut" {RegenMP Str+2 Int+5}
 15027 | Gauntlet | Got a moth-eaten book
 15265 | Lair:5   | Reached XP level 15. HP: 133/135 MP: 20/20
 15679 | Lair:5   | Reached skill level 9 in Armour
 15679 | Lair:5   | Acquired the +2 crystal plate armour of Amount {rElec rN+
                  | Dex-2}
 15679 | Lair:5   | Received a gift from Okawaru
 15820 | Lair:5   | Acquired a +3 vampiric quick blade
 15820 | Lair:5   | Received a gift from Okawaru
 15923 | Lair:5   | Received a gift from Okawaru
 16958 | D:12     | Identified the +9 halberd of Destiny {freeze, rElec rPois
                  | Int+4 Dex-3}
 17030 | Orc:1    | Entered Level 1 of the Orcish Mines
 17030 | Orc:1    | Found Kimo's Armour Boutique.
 17047 | Orc:1    | Bought a +2 pair of gloves of strength for 322 gold pieces
 17792 | Orc:2    | Entered Level 2 of the Orcish Mines
 17890 | Orc:2    | Found a staircase to the Elven Halls.
 17921 | Orc:2    | Received a gift from Okawaru
 18301 | Orc:2    | Noticed an orc warlord
 18314 | Orc:2    | Killed an orc warlord
 18444 | Orc:2    | Found Vidduobo's Antique Armour Boutique.
 18473 | Orc:2    | Was forgiven by Ignis
 18762 | Orc:2    | Found Kace's Antique Armour Shoppe.
 18764 | Orc:2    | Found Noremup's Antique Weapon Emporium.
 18947 | Orc:2    | Found Xeacwe's Book Emporium.
 19069 | Orc:2    | Bought a glowing cloak for 180 gold pieces
 19110 | Orc:1    | Bought the +2 pair of slick slippers {slick, slippery,
                  | EV+4} for 574 gold pieces
 19110 | Orc:1    | Found the +2 pair of slick slippers {slick, slippery, EV+4}
 19301 | D:3      | Bought a manual of Invocations for 960 gold pieces
 19589 | D:13     | Reached skill level 9 in Invocations
 19589 | D:13     | Reached XP level 16. HP: 147/147 MP: 21/21
 19837 | D:13     | Received a gift from Okawaru
 19866 | D:13     | Found a gate to the Vaults.
 20078 | D:14     | Noticed Roxanne
 20095 | D:14     | Killed Roxanne
 20281 | D:14     | Reached skill level 12 in Invocations
 20282 | D:14     | Noticed Azrael
 20301 | D:14     | Killed Azrael
 20997 | D:15     | Entered Level 15 of the Dungeon
 21177 | D:15     | Identified the +2 robe of Indomitability {rC+}
 21556 | D:15     | Received a gift from Okawaru
 21559 | D:15     | Paralysed by an orc sorcerer for 4 turns
 21943 | D:15     | Found a staircase to the Depths.
 22039 | D:15     | Reached skill level 15 in Invocations
 22484 | Snake:1  | Entered Level 1 of the Snake Pit
 22618 | Snake:1  | Reached skill level 15 in Fighting
 23140 | Snake:1  | Received a gift from Okawaru
 23730 | Snake:1  | Found Rocoppuc's General Store.
 23734 | Snake:1  | Bought a scroll of teleportation for 42 gold pieces
 23770 | Snake:1  | Identified the +3 ring mail "Forget-Me-Not" {+Inv}
 24176 | Snake:2  | Reached skill level 12 in Armour
 24267 | Snake:2  | Received a gift from Okawaru
 24524 | Snake:2  | Reached XP level 17. HP: 158/158 MP: 27/27
 24911 | Snake:2  | Received a gift from Okawaru
 25217 | Snake:3  | Noticed Saint Roka
 25217 | Snake:3  | Noticed Bai Suzhen
 25227 | Snake:2  | Killed Bai Suzhen
 25275 | Snake:3  | Killed Saint Roka
 25312 | Snake:3  | Received a gift from Okawaru
 25502 | Snake:3  | Identified the +1 whip of Evil {antimagic, rF+ Str+3 Int+4
                  | Dex-4}
 25640 | Snake:3  | Received a gift from Okawaru
 25920 | Snake:4  | Entered Level 4 of the Snake Pit
 26055 | Snake:4  | Noticed Aizul
 26056 | Snake:4  | Noticed Agnes
 26075 | Snake:4  | Killed Aizul
 26083 | Snake:4  | Killed Agnes
 26165 | Snake:4  | Reached skill level 18 in Fighting
 26356 | Snake:4  | Found Waidas's Distillery.
 26363 | Snake:4  | Found Qoraatri's Distillery.
 26405 | Snake:4  | Reached XP level 18. HP: 157/172 MP: 28/28
 26640 | Snake:4  | Received a gift from Okawaru
 27064 | Snake:4  | Noticed Vashnia
 27095 | Snake:4  | Killed Vashnia
 27242 | Snake:4  | Received a gift from Okawaru
 27273 | Snake:4  | Reached skill level 15 in Armour
 27465 | Snake:4  | Got a serpentine rune of Zot
 27696 | Shoals:1 | Entered Level 1 of the Shoals
 27792 | Shoals:1 | Found a transporter.
 27796 | Shoals:1 | Noticed HilariousDeathArtist's ghost (adept AtHu)
 27809 | Shoals:1 | Found a transporter.
 28294 | Shoals:1 | Received a gift from Okawaru
 28558 | Shoals:1 | Identified the ring "Ekove" {Ice Str+2 Int+2}
 28596 | Shoals:1 | Killed HilariousDeathArtist's ghost
 28601 | Shoals:1 | Identified the ring "Kechuofa" {Ice Dex+2}
 28606 | Shoals:1 | Identified the +5 short sword of a Gauntlet {drain, Will-
                  | MP+9 Int+2 SInv}
 29212 | Shoals:2 | Found a runed translucent gate.
 29212 | Shoals:2 | Found a runed translucent gate.
 29212 | Shoals:2 | Found a runed translucent gate.
 29217 | Shoals:2 | Noticed Mungiw's ghost (adept MiBe)
 29233 | Shoals:2 | Killed Mungiw's ghost
 29513 | Shoals:3 | Received a gift from Okawaru
 29828 | Shoals:3 | Reached XP level 19. HP: 183/184 MP: 29/29
 30128 | Shoals:3 | Noticed Polyphemus
 30238 | Shoals:3 | Found Usiowk's Magic Scroll Shoppe.
 30243 | Shoals:3 | Bought 2 scrolls of teleportation for 78 gold pieces
 30626 | Shoals:4 | Entered Level 4 of the Shoals
 30873 | Shoals:4 | Received a gift from Okawaru
 31202 | Shoals:4 | Got a barnacled rune of Zot
 31207 | Shoals:4 | Acquired 642 gold pieces
 31657 | Shoals:4 | Identified the +1 plate armour of Disguise {Regen+ Dex+2}
 31795 | Shoals:4 | Reached skill level 21 in Fighting
 32159 | Elf:1    | Entered Level 1 of the Elven Halls
 32345 | Elf:1    | Found a runed translucent gate.
 32346 | Elf:1    | Found a runed translucent gate.
 32348 | Elf:1    | Found a runed translucent gate.
 32349 | Elf:1    | Noticed knightboat's ghost (journeyman DEHs)
 32481 | Elf:1    | Received a gift from Okawaru
 33381 | Elf:2    | Received a gift from Okawaru
 33430 | Elf:2    | Reached XP level 20. HP: 148/198 MP: 30/30
 33463 | Elf:2    | Found a runed translucent gate.
 33463 | Elf:2    | Found a runed translucent gate.
 33464 | Elf:2    | Found a runed translucent gate.
 33694 | Elf:2    | Reached skill level 18 in Armour
 33818 | Elf:1    | Found an ancient bone altar of Kikubaaqudgha.
 33952 | Elf:1    | Killed knightboat's ghost
 33969 | Elf:1    | Identified the +0 helmet of Aba Ikla {Harm rN+ Str-2}
 34015 | Elf:2    | Found Saclev's Weapon Boutique.
 34028 | Elf:2    | Found Vaijius's Magic Scroll Shoppe.
 34031 | Elf:2    | Bought a scroll of teleportation for 39 gold pieces
 34031 | Elf:2    | Bought a scroll of teleportation for 39 gold pieces
 34170 | Elf:2    | Received a gift from Okawaru
 34347 | Elf:2    | Found Xutept's Weapon Boutique.
 34399 | Elf:2    | Found Mihoih's General Store.
 34510 | Elf:3    | Entered Level 3 of the Elven Halls
 35415 | Vaults:1 | Entered Level 1 of the Vaults
 35603 | Vaults:1 | Noticed Donald
 35650 | Vaults:1 | Received a gift from Okawaru
 36423 | Vaults:1 | Killed Donald
 36452 | Vaults:1 | Found a runed translucent gate.
 36452 | Vaults:1 | Found a runed translucent gate.
 36452 | Vaults:1 | Found a runed translucent gate.
 36452 | Vaults:1 | Noticed Yptir's ghost (adept AtFE)
 36455 | Vaults:1 | Found a viscous altar of Jiyva.
 36510 | Vaults:1 | Found Osex's Antique Weapon Boutique.
 36630 | Vaults:1 | Received a gift from Okawaru
 36631 | Vaults:1 | Reached XP level 21. HP: 211/211 MP: 31/31
 36987 | Vaults:1 | Killed Yptir's ghost
 36994 | Vaults:1 | Identified the +0 pair of gloves of the Slightly Bent {Harm
                  | Rampage rF+ Will-}
 37671 | Vaults:2 | Received a gift from Okawaru
 38033 | Vaults:2 | Reached skill level 24 in Fighting
 38164 | Vaults:2 | Found Nopu's Antique Armour Shop.
 38171 | Vaults:2 | Bought a runed cloak for 315 gold pieces
 39048 | Vaults:3 | Received a gift from Okawaru
 39177 | Vaults:3 | Found a staircase to the Crypt.
 39585 | Vaults:3 | Reached XP level 22. HP: 184/224 MP: 32/32
 39636 | Vaults:3 | Found Xeatwastim's Weapon Shoppe.
 39949 | Vaults:4 | Identified the +1 quarterstaff of Watchfulness {venom, rF+
                  | Str+2 Stlth+}
 40077 | Vaults:4 | Received a gift from Okawaru
 40507 | Vaults:4 | Found a radiant altar of Vehumet.
 40508 | Vaults:4 | Found the +4 robe of Folly {Brill Will-∞ Int+8}
 40567 | Vaults:4 | Identified the +1 robe "Askor" {rC+ Int+4}
 41124 | Crypt:1  | Entered Level 1 of the Crypt
 41153 | Crypt:1  | Received a gift from Okawaru
 41154 | Crypt:1  | Reached skill level 21 in Armour
 41496 | Crypt:1  | Identified the +6 morningstar "Qecoan" {flame, Will+ Str-2
                  | Dex+3}
 42008 | Crypt:2  | Received a gift from Okawaru
 42831 | Crypt:3  | Entered Level 3 of the Crypt
 43036 | Crypt:3  | Received a gift from Okawaru
 43069 | Crypt:3  | Reached XP level 23. HP: 160/236 MP: 33/33
 43410 | Crypt:3  | Noticed an ancient lich
 43419 | Crypt:3  | Killed an ancient lich
 43566 | Crypt:3  | Found a staircase to the Tomb.
 43909 | Crypt:3  | Received a gift from Okawaru
 43927 | Crypt:3  | Found an ancient bone altar of Kikubaaqudgha.
 43941 | Crypt:3  | Identified the amulet of Mistrust {+Blink rF+ Regen+ MP+9}
 43946 | Crypt:3  | Identified the +7 mace of Wyrd {antimagic, Str+2}
 43980 | Crypt:3  | Identified the ring "Diuthiyx" {rN+ Will+ rCorr Str+2}
 43998 | Crypt:3  | Identified the +10 quarterstaff "Inidor" {flame, rC+}
 44463 | Depths:1 | Entered Level 1 of the Depths
 44537 | Depths:1 | Found Esmuofuc's Book Shop.
 44543 | Depths:1 | Found Dufimilo's Magic Scroll Emporium.
 44630 | Depths:1 | Found a gateway to Hell.
 44783 | Depths:1 | Reached skill level 27 in Fighting
 44800 | Depths:1 | Found Pipomon's Book Shoppe.
 44869 | Depths:1 | Reached skill level 1 in Dodging
 45195 | Depths:1 | Noticed Mara
 45198 | Depths:1 | Noticed elliptic's illusion
 45218 | Depths:1 | Noticed elliptic's illusion
 45228 | Depths:1 | Killed Mara
 45493 | Depths:2 | Found a flickering gateway to a bazaar.
 45503 | Depths:2 | Reached skill level 3 in Dodging
 45511 | Bazaar   | Entered a bazaar
 45532 | Bazaar   | Found Soxa Tuck's Antique Weapon Shoppe.
 45532 | Bazaar   | Found Zycec's Jewellery Emporium.
 45554 | Bazaar   | Found Aruar's Antique Armour Emporium.
 45621 | Depths:2 | Found a one-way gateway to a ziggurat.
 45625 | Depths:2 | Received a gift from Okawaru
 45943 | Depths:2 | Reached skill level 6 in Dodging
 45943 | Depths:2 | Noticed Boris
 45956 | Depths:2 | Killed Boris
 45958 | Depths:2 | Noticed Vv
 46273 | Depths:2 | Received a gift from Okawaru
 46287 | Depths:2 | Killed Vv
 46359 | Depths:2 | Reached skill level 1 in Throwing
 46495 | Depths:2 | Reached skill level 3 in Throwing
 46682 | Depths:2 | Found a one-way gate leading to the halls of Pandemonium.
 46765 | Depths:3 | Identified the +11 dagger "Ogrebane" {freeze, Int+3 Dex+3}
 46860 | Depths:3 | Noticed Boris
 46875 | Depths:3 | Killed Boris
 46888 | Depths:3 | Reached XP level 24. HP: 237/249 MP: 33/33
 46937 | Depths:3 | Received a gift from Okawaru
 46999 | Depths:3 | Reached skill level 6 in Throwing
 47045 | Depths:3 | Got a droning book
 47049 | Depths:3 | Noticed a dread lich
 47049 | Depths:3 | Noticed a caustic shrike
 47049 | Depths:3 | Noticed a caustic shrike
 47049 | Depths:3 | Noticed a caustic shrike
 47049 | Depths:3 | Noticed a caustic shrike
 47057 | Depths:3 | Killed a caustic shrike
 47065 | Depths:3 | Killed a caustic shrike
 47080 | Depths:3 | Killed a caustic shrike
 47086 | Depths:3 | Killed a dread lich
 47105 | Depths:3 | Killed a caustic shrike
 47122 | Depths:3 | Noticed a caustic shrike
 47156 | Depths:3 | Killed a caustic shrike
 47163 | Depths:3 | Noticed a juggernaut
 47170 | Depths:3 | Reached skill level 9 in Throwing
 47182 | Depths:3 | Received a gift from Okawaru
 47187 | Depths:3 | Killed a juggernaut
 47321 | Depths:3 | Found a corrupted altar of Lugonu.
 47322 | Depths:3 | Found a one-way gate to the infinite horrors of the Abyss.
 48156 | Depths:4 | Entered Level 4 of the Depths
 48410 | Depths:4 | Found a sacrificial altar of Ru.
 48552 | Depths:1 | Bought a scroll of enchant armour for 135 gold pieces
 48552 | Depths:1 | Bought a scroll of enchant armour for 135 gold pieces
 48795 | Elf:2    | Bought a scroll of enchant armour for 97 gold pieces
 48795 | Elf:2    | Bought a scroll of enchant armour for 97 gold pieces
 49051 | Shoals:3 | Killed Polyphemus
 49051 | Shoals:3 | Received a gift from Okawaru
 49063 | Shoals:3 | Bought a scroll of enchant armour for 97 gold pieces
 49433 | Depths:4 | Noticed a juggernaut
 49445 | Depths:4 | Killed a juggernaut
 49466 | Depths:4 | Noticed Frederick
 49477 | Depths:4 | Killed Frederick
 49533 | Depths:4 | Identified the ring "Kuel Ecie" {Ice +Blink rPois Int-5
                  | Dex-2}
 49533 | Depths:4 | Noticed Josephina
 49546 | Depths:4 | Killed Josephina
 49547 | Depths:4 | Reached skill level 12 in Throwing
 49910 | Depths:4 | Received a gift from Okawaru
 50196 | Depths:4 | Found a gate to the Realm of Zot.
 50237 | Depths:4 | Reached XP level 25. HP: 234/257 MP: 33/33
 50503 | Depths:4 | Found Saesuf's Jewellery Shoppe.
 50503 | Depths:4 | Found Zukuzuoq's Book Shop.
 50504 | Depths:4 | Found Jang's Jewellery Shoppe.
 50533 | Depths:4 | Bought a +6 ring of strength for 684 gold pieces
 50968 | Vaults:5 | Entered Level 5 of the Vaults
 51012 | Vaults:5 | Noticed Mennas
 51012 | Vaults:5 | uh
 51018 | Vaults:5 | oh
 51037 | Vaults:5 | Killed Mennas
 51427 | Vaults:5 | Noticed a dread lich
 51439 | Vaults:5 | Killed a dread lich
 51649 | Vaults:5 | Reached skill level 15 in Throwing
 51874 | Vaults:5 | Noticed a dread lich
 51884 | Vaults:5 | Paralysed by a dread lich for 3 turns
 51889 | Vaults:5 | Killed a dread lich
 51900 | Vaults:5 | Noticed Boris
 51919 | Vaults:5 | Killed Boris
 51947 | Vaults:5 | Received a gift from Okawaru
 52966 | Vaults:5 | Received a gift from Okawaru
 53019 | Vaults:5 | Got a silver rune of Zot
 53103 | Vaults:5 | Found Bador's Jewellery Shop.
 53103 | Vaults:5 | Found Veh Too's Jewellery Shop.
 53119 | Vaults:5 | Found Wabbyst's Distillery.
 53123 | Vaults:5 | Bought a potion of heal wounds for 50 gold pieces
 53123 | Vaults:5 | Bought a potion of haste for 100 gold pieces
 53123 | Vaults:5 | Bought a potion of curing for 30 gold pieces
 53171 | Vaults:5 | Found Ukki's Weapon Boutique.
 53348 | Vaults:5 | Reached XP level 26. HP: 263/266 MP: 33/33
 53363 | Vaults:5 | Found Hepeng's Magic Scroll Emporium.
 53396 | Vaults:5 | Found Mecat's Book Boutique.
 53459 | Vaults:5 | Bought a +6 ring of strength for 684 gold pieces
 53469 | Vaults:5 | Bought a potion of enlightenment for 50 gold pieces
 53469 | Vaults:5 | Bought a potion of enlightenment for 50 gold pieces
 53469 | Vaults:5 | Bought a potion of invisibility for 80 gold pieces
 53513 | Vaults:5 | Bought a scroll of revelation for 150 gold pieces
 53513 | Vaults:5 | Bought a scroll of torment for 190 gold pieces
 53960 | Snake:4  | Bought a potion of cancellation for 96 gold pieces
 53960 | Snake:4  | Bought 2 potions of might for 96 gold pieces
 53960 | Snake:4  | Bought a potion of curing for 36 gold pieces
 53960 | Snake:4  | Bought 2 potions of might for 96 gold pieces
 53960 | Snake:4  | Bought a potion of cancellation for 96 gold pieces
 53960 | Snake:4  | Bought a potion of haste for 120 gold pieces
 53960 | Snake:4  | Bought a potion of enlightenment for 60 gold pieces
 54114 | Snake:1  | Bought a wand of digging (4) for 235 gold pieces
 54297 | Shoals:3 | Bought a scroll of revelation for 97 gold pieces
 54297 | Shoals:3 | Bought a scroll of fear for 52 gold pieces
 54594 | Depths:1 | Bought a scroll of fog for 72 gold pieces
 54594 | Depths:1 | Bought a scroll of revelation for 135 gold pieces
 54720 | Zot:1    | Entered Level 1 of the Realm of Zot
 54869 | Zot:1    | Reached skill level 24 in Unarmed Combat
 55051 | Zot:1    | Received a gift from Okawaru
 55330 | Zot:2    | Found a large runed translucent door.
 55331 | Zot:2    | Found a large runed translucent door.
 55332 | Zot:2    | Found a large runed translucent door.
 55332 | Zot:2    | Found a shimmering altar of Xom.
 55333 | Zot:2    | Found a large runed translucent door.
 55333 | Zot:2    | Found a large runed translucent door.
 55333 | Zot:2    | Found a large runed translucent door.
 55334 | Zot:2    | Found a large runed translucent door.
 55334 | Zot:2    | Found a large runed translucent door.
 55334 | Zot:2    | Noticed a Killer Klown
 55334 | Zot:2    | Identified the +5 hand cannon "Irid" {chaos, Dex+4 SInv}
 55334 | Zot:2    | Noticed a Killer Klown
 55334 | Zot:2    | Identified the +4 triple crossbow "Tirhuagg" {elec, rC+ rN+
                  | MP+9 Dex-4}
 55335 | Zot:2    | what a weird vault
 55351 | Zot:2    | oh this dex is maybe an issue
 55362 | Zot:2    | Killed a Killer Klown
 55376 | Zot:2    | Killed a Killer Klown
 55531 | Zot:3    | Received a gift from Okawaru
 55627 | Zot:2    | Identified the +0 chain mail of Saunuhok {*Slow rElec
                  | Slay+5 Stlth+}
 55627 | Zot:2    | Noticed a Killer Klown
 55879 | Zot:5    | Entered Level 5 of the Realm of Zot
 56065 | Zot:5    | Found a runed translucent door.
 56065 | Zot:5    | Noticed Cancer's ghost (legendary GrEE)
 56066 | Zot:5    | Found a shimmering altar of Xom.
 56316 | Zot:5    | Received a gift from Okawaru
 56364 | Zot:5    | Noticed a dread lich
 56368 | Zot:5    | Noticed an electric golem
 56373 | Zot:5    | Killed a dread lich
 56374 | Zot:5    | Reached skill level 27 in Unarmed Combat
 56384 | Zot:5    | Killed an electric golem
 56478 | Zot:5    | Noticed an orb of fire
 56484 | Zot:5    | Killed an orb of fire
 56485 | Zot:5    | Reached XP level 27. HP: 244/273 MP: 33/33
 56489 | Zot:5    | Noticed a dread lich
 56507 | Zot:5    | Killed a dread lich
 56508 | Zot:5    | Noticed an ancient lich
 56517 | Zot:5    | Killed an ancient lich
 56578 | Zot:5    | Received a gift from Okawaru
 56643 | Zot:5    | Noticed an electric golem
 56657 | Zot:5    | Killed an electric golem
 56672 | Zot:5    | Got the Orb of Zot
 56687 | Zot:5    | Noticed Boris
 56687 | Zot:5    | hi
 56692 | Zot:5    | Killed Boris
 57154 | D:11     | Noticed Buzuniuf the pandemonium lord
 57214 | D:8      | Noticed Faeta the pandemonium lord
 57368 | D:$      | Escaped with the Orb!

Levels and vault maps discovered:
D:1:      minmay_arrival_doors, layout_rooms
D:2:      layout_rooms, minmay_misc_feat_rows, kennysheep_minor_cross,
          uniq_sigmund
D:3:      layout_basic, mainiacjoe_overflow_alcove_3, serial_glass,
          glass_columns_b, glass_columns_c, nicolae_shop_vocational,
          uniq_crazy_yiuf_cottage, uniq_robin
D:4:      layout_loops_ring, mainiacjoe_overflow_cross_hatched,
          nicolae_yredelemnul_corpse_copse, kennysheep_mini
D:5:      minmay_clustersquares, layout_rooms
D:6:      layout_basic, minmay_temple_entry_trees
D:7:      layout_rooms, nicolae_qazlal_eye_of_the_storm, kennysheep_little_box,
          mainiacjoe_overflow_tiny_flanked, grunt_decor_clamped, uniq_maggie
D:8:      layout_basic, grunt_dithmenos_smoke_and_mirrors,
          nicolae_wu_jian_immortal_techniques,
          mainiacjoe_overflow_six_doors_small, st_stairs_7
D:9:      layout_big_octagon, grunt_ministairs_2, serial_bayou_ford_a,
          minmay_misc_feat_square, guppyfry_early_elven_hall
D:10:     layout_basic, lemuel_tele_altar, erik_lair_orcish_takeover,
          enter_bailey_2, minmay_unpleasant_kobolds, uniq_lodul, uniq_grum,
          uniq_psyche
D:11:     layout_stronghold, hiddenorc1_lemuel, uniq_urug
D:12:     layout_basic, minivault_12
D:13:     layout_rooms, david_vaults_5
D:14:     layout_basic, uniq_azrael, uniq_roxanne
D:15:     grunt_enter_depths_magical_seal, layout_layer_cave,
          minmay_misc_feat_columns
Temple:   hellmonk_temple_beads
Lair:1:   layout_misc_corridors, minmay_hedge_maze, grunt_megastairs_4,
          infiniplex_staircase_pool_2, uniq_harold
Lair:2:   layout_loops_ring, elwin_shoals_entry_rocks, serial_forest,
          infiniplex_forest_lined_corner, infiniplex_forest_lined_corner,
          infiniplex_forest_end_2, infiniplex_forest_clump_C,
          lemuel_oklob_altar, uniq_erica
Lair:3:   layout_roguey, minmay_snake_entry_six_corridors
Lair:4:   layout_small_grid, basic_altar, minivault_26,
          grunt_forest_stairs_clearing
Lair:5:   grunt_lair_end_beastmaster, layout_gridlike,
          minmay_slime_entry_oklob_open, gauntlet_entry_generic,
          serial_bayou_shore_a
Shoals:1: layout_shoals, gammafunk_ghost_berserking_beasts
Shoals:2: layout_shoals, ebering_ghost_rock_garden
Shoals:3: layout_shoals, serial_shops, nicolae_shop_hallway_stairs,
          uniq_polyphemus
Shoals:4: shoals_end_grunt_ice, layout_shoals
Snake:1:  layout_grid_maze, serial_shops, shop
Snake:2:  layout_cave_pods, grunt_ministairs_2, st_stairs_7,
          serial_bayou_shore_b
Snake:3:  layout_onion_interference, nicolae_snake_serpentine_hallways,
          uniq_saint_roka, uniq_bai_suzhen
Snake:4:  grunt_snake_rune_serpentine_throne, layout_cave_town,
          minmay_shop_star, uniq_agnes, uniq_aizul
Orc:1:    layout_caves, serial_shops, shop, bh_open_orc_temple
Orc:2:    grunt_orc_community_town_hall, layout_diamond_mine,
          grunt_orc_community_big_house_2, grunt_orc_community_big_house_1,
          grunt_orc_community_house_1, grunt_orc_community_house_3,
          grunt_orc_community_house_1, grunt_orc_community_house_3,
          grunt_orc_community_house_3, grunt_orc_community_house_2,
          minmay_orc_keep
Elf:1:    layout_loops_corners, gammafunk_ghost_split, evilmike_minifort,
          lemuel_upstairs_altar
Elf:2:    nicolae_elf_blades_crystal_corner, layout_geoelf_octagon,
          serial_shops, nicolae_shop_tiny_real_fake_doors, shop,
          nicolae_square_shop, nicolae_shop_mannequins
Elf:3:    elf_hall, layout_loops_corners, minivault_25_ag
Vaults:1: gammafunk_ghost_ooze, nicolae_vaults_wine_cellar, v_misc_1, v_rooms_6,
          vaults_dpeg_spiral, vaults_room_fancy_cross,
          nicolae_vaults_trapezoid_2, vaults_room_grunt_arrival_ludios,
          nicolae_vaults_heart-shaped_vault, nicolae_vaults_diamond_1,
          layout_vaults_omnigrid, serial_shops, shop, uniq_donald
Vaults:2: hangedman_vaults_cutoff, vaults_room_ringed_pool,
          nicolae_vaults_closet_pinwheel_6, nicolae_vaults_ninety_degrees,
          hangedman_vaults_variations, vaults_room_stairs_pillars,
          grunt_vaults_diagonal, nicolae_vaults_stairing_the_circle, v_misc_1,
          nicolae_vaults_security_offices_1, layout_vaults_omnicross,
          serial_shops, shop
Vaults:3: v_misc_29, hangedman_vaults_cutoff, v_misc_26,
          nicolae_vaults_trapezoid_lopsided_3, nicolae_vaults_double_plus_1,
          nicolae_vaults_diamond_1, vaults_dpeg_encased_lava,
          layout_vaults_chaotic_city, serial_shops, shop_fountains
Vaults:4: grunt_tower_of_power, ontoclasm_vaults_spin,
          hangedman_vaults_corner_blocks, v_misc_22,
          nicolae_vaults_more_shelving_2, nicolae_vaults_oval_intersection,
          nicolae_vaults_circle_grid_b, vaults_room_pool, v_misc_15,
          grunt_vaults_bifocal, grunt_vaults_hallway_long, layout_vaults_ring
Vaults:5: uniq_mennas
Crypt:1:  layout_basic, uniq_margery
Crypt:2:  layout_gridlike, grunt_ministairs_13, grunt_megastairs_1
Crypt:3:  cryptofortress_bobbens
Depths:1: layout_gridlike, hangedman_coc_ice_floe, serial_bayou_pond_e,
          serial_shops, shop_coins, shop, shop, nicolae_tso_swordbearing_angel,
          grunt_megastairs_2, uniq_mara
Depths:2: hangedman_screamer, layout_cave_shapes, enter_ziggurat_b,
          rand_demon_pan_entry_7, serial_shops, bzr_entry_customers, hell_entry,
          minmay_misc_feat_secret_circle, uniq_vv
Depths:3: grunt_deathspiral_small, layout_basic, abyss_entry_flame_altar,
          grunt_hell_entry_dis_grunt, serial_glass, glass_columns_c,
          glass_columns_c, feat_on_display, amcnicky_mini_rare_corridor_liquid
Depths:4: grunt_zot_entry_pinwheel, layout_cave_pools, hell_entry,
          nicolae_ru_awakened_eye, abyss_entry, minmay_shop_grove,
          uniq_josephina, uniq_frederick
Zot:1:    layout_twisted_circle
Zot:2:    layout_misc_corridors, hangedman_xom_zot_hilarity
Zot:3:    nicolae_zot_stationary_front, layout_onion_interference,
          zot_minivault_5
Zot:4:    layout_misc_corridors, grunt_megastairs_5
Zot:5:    layout_misc_corridors, ebering_ghost_xom, grunt_ministairs_8

Action                     |  1- 3 |  4- 6 |  7- 9 | 10-12 | 13-15 | 16-18 | 19-21 | 22-24 | 25-27 || total
---------------------------+-------+-------+-------+-------+-------+-------+-------+-------+-------++-------
  Melee: Unarmed           |   113 |   112 |   268 |   513 |  1074 |  1345 |  1570 |  1756 |  1051 ||  7802
         Punch             |     1 |     3 |    18 |    45 |   113 |   178 |   249 |   355 |   239 ||  1201
  Throw: Dart              |       |       |     1 |     5 |     3 |       |     1 |       |       ||    10
         Javelin           |       |       |       |       |       |       |       |       |    17 ||    17
         Boomerang         |       |       |       |       |       |       |       |       |    46 ||    46
 Invoke: Fiery Armour      |     1 |     1 |       |     2 |       |       |       |       |       ||     4
         Heroism           |       |       |       |       |     3 |     5 |     9 |     8 |     3 ||    28
         Finesse           |       |       |       |       |     2 |     7 |    11 |     9 |    10 ||    39
         Receive Weapon    |       |       |       |       |     1 |       |       |       |       ||     1
         Receive Armour    |       |       |       |       |     1 |       |       |       |       ||     1
  Evoke: Wand              |       |       |     5 |       |     1 |       |       |     1 |     7 ||    14
         Lightning rod     |       |       |       |       |       |       |     3 |       |       ||     3
    Use: Scroll            |       |       |    17 |     9 |     4 |     2 |     6 |     9 |    12 ||    59
         Potion            |       |       |       |       |       |       |     6 |     1 |    11 ||    18
   Stab: Distracted        |       |       |       |       |     1 |       |       |       |       ||     1
 Armour: Leather armour    |    33 |       |       |       |       |       |       |       |       ||    33
         Robe              |     3 |       |       |       |       |       |       |       |       ||     3
         Ring mail         |    38 |    48 |       |       |       |       |       |       |       ||    86
         Scale mail        |       |     1 |    20 |       |       |       |       |       |       ||    21
         Chain mail        |       |       |   162 |   254 |       |       |       |       |       ||   416
         Plate armour      |       |       |       |   152 |   357 |       |       |       |       ||   509
         Shadow dragon sca |       |       |       |       |    44 |       |       |       |       ||    44
         Crystal plate arm |       |       |       |       |   268 |   883 |   893 |   781 |       ||  2825
         Gold dragon scale |       |       |       |       |       |       |       |   150 |   718 ||   868
  Dodge: Dodged            |    71 |    47 |    79 |   145 |   251 |   537 |   597 |   652 |   284 ||  2663
  Block: Other             |       |       |       |    45 |   139 |   181 |   205 |   212 |    50 ||   832
         Reflection        |       |       |       |     2 |     7 |    21 |    36 |     9 |     2 ||    77
